 Dungeon Sprint DCSS version 0.26.0-16-gc1dbca0489 (webtiles) character file.

Game seed: 13196123647068870209

102 Groucho the Sneak (level 4, -13/21 HPs)
             Began as a Spriggan Enchanter on Jan 18, 2021.
             Mangled by a merfolk siren
             ... wielding a +0 spear
              (19 damage)
             ... in the Dungeon (Sprint II: "The Violet Keep of Menkaure").
             The game lasted 00:01:53 (412 turns).

Groucho the Sneak (Spriggan Enchanter)               Turns: 412, Time: 00:01:54

Health: -13/21     AC:  2    Str:  5    XL:     4   Next: 50%
Magic:  1/12       EV: 22    Int: 16    God:
Gold:   486        SH:  0    Dex: 16    Spells: 10/13 levels left

rFire    . . .     SeeInvis +   a - +1 dagger
rCold    . . .     Faith    .   (shield restricted)
rNeg     . . .     Spirit   .   b - +0 robe
rPois    .         Reflect  .   (helmet restricted)
rElec    .         Harm     .   (no cloak)
rCorr    .         Rampage  .   (gloves unavailable)
Will     .....     NoTele   +   (boots unavailable)
Stlth    ++++......             (no amulet)
HPRegen  0.07/turn              (no ring)
MPRegen  0.13/turn              (no ring)

@: mesmerised, very quick
A: very small, unfitting armour, see invisible, speed 3
a: no special abilities


You were in the Dungeon.
You visited 1 branch You collected 486 gold pieces.

Inventory:

Hand Weapons
 a - a +1 dagger (weapon)
Armour
 b - a +0 robe (worn)
Scrolls
 i - a scroll of blinking
Potions
 g - 2 potions of magic
 h - a potion of berserk rage


   Skills:
 + Level 4.3 Short Blades
 + Level 6.4 Dodging
 + Level 7.7 Stealth
 + Level 5.4 Spellcasting
 + Level 6.0 Hexes


You had 10 spell levels left.
You knew the following spells:

 Your Spells              Type           Power        Failure   Level
a - Corona                Hex            25%          1%          1
b - Ensorcelled Hibernat  Hex/Ice        28%          6%          2

Your spell library contained the following spells:

 Spells                   Type           Power        Failure   Level
 Confusing Touch          Hex            23%          3%          3
 Tukima's Dance           Hex            23%          3%          3
 Dazzling Flash           Conj/Hex       28%          13%         3


Dungeon Overview and Level Annotations

Branches:
Dungeon (1/1)

Altars:


Innate Abilities, Weirdness & Mutations

You are very small and have problems with some larger weapons.
You are too small for most types of armour.
You have supernaturally acute eyesight. (SInv)
You cover ground extremely quickly.


Message History

Aim: a merfolk siren, wielding a +0 spear (heavily wounded, mesmerising, chance to affect: 15%)
The merfolk siren resists with almost no effort.
The merfolk siren hits you with a +0 spear.
* * * LOW HITPOINT WARNING * * *
You hit the merfolk siren.
The merfolk siren is severely wounded.
The merfolk siren chants its luring song.
You hit the merfolk siren but do no damage.
The merfolk siren is severely wounded.
You completely miss the merfolk siren.
The merfolk siren is severely wounded.
The merfolk siren chants its luring song.
You barely miss the merfolk siren.
The merfolk siren is severely wounded.
The merfolk siren chants its luring song.
You barely miss the merfolk siren.
The merfolk siren is severely wounded.
The merfolk siren hits you with a +0 spear!!
Ouch! That really hurt!
You die...

## ## ##$ .##
.B B. ## .#.
### ##.#
#+###.#
#...##.##.†##
#m@.<.'##.+
#...##.##..##
##.# #'###.#
#####..####
#.##..#
#.#.## ##+##
#≈≈≈≈≈≈≈§§§§
#+++#+++#≈§§


You could see a merfolk siren (mesmerising).

Vanquished Creatures
  4 worker ants (D)
  3 worms (D)
7 creatures vanquished.

Vanquished Creatures (others)
  Menkaure (D)
  A water moccasin (D)
2 creatures vanquished.

Grand Total: 9 creatures vanquished

Notes
Turn   | Place    | Note
-------+----------+-------------------------------------------
     0 | D        | Groucho the Spriggan Enchanter began the quest for the Orb.
     0 | D        | Reached XP level 1. HP: 9/9 MP: 5/5
     1 | D        | Noticed a merfolk siren
    11 | D        | Reached skill level 5 in Stealth
    18 | D        | Noticed a flying skull
    18 | D        | Noticed a flying skull
    18 | D        | Noticed a flying skull
    19 | D        | Noticed a flying skull
    19 | D        | Noticed a flying skull
    19 | D        | Noticed a flying skull
    19 | D        | Noticed a flying skull
    19 | D        | Noticed a flying skull
    19 | D        | Noticed a flying skull
    19 | D        | Noticed a flying skull
    21 | D        | Noticed a flying skull
    22 | D        | Reached XP level 2. HP: 13/13 MP: 5/7
    48 | D        | Killed Menkaure
    61 | D        | Killed a water moccasin
   149 | D        | Learned a level 2 spell: Ensorcelled Hibernation
   149 | D        | Noticed a boulder beetle
   149 | D        | Noticed a boulder beetle
   157 | D        | Reached skill level 6 in Stealth
   157 | D        | Reached XP level 3. HP: 16/16 MP: 7/9
   158 | D        | Reached skill level 5 in Dodging
   158 | D        | Reached skill level 5 in Hexes
   161 | D        | Reached skill level 7 in Stealth
   161 | D        | Reached skill level 5 in Spellcasting
   161 | D        | Reached XP level 4. HP: 21/21 MP: 8/12
   412 | D        | Mangled by a merfolk siren

Illustrated notes

Levels and vault maps discovered:
D:        the_violet_keep_of_menkaure [sprint2_stairs_cluster_1,
          sprint2_shoproom, sprint2_temple, sprint2_basic_supplies,
          sprint2_obstacle_1, sprint2_obstacle_3, sprint2_obstacle_5,
          sprint2_obstacle_2, sprint2_obstacle_6, sprint2_timed_cluster_1,
          sprint2_smallroom_cluster_1, sprint2_smallroom_final_cluster_1,
          sprint2_transparent_cluster_1, sprint2_second_timed_cluster_1,
          sprint2_sniper_area_1, sprint2_heavy_combat_area_1,
          sprint2_mutation_trap_area_1, sprint2_forest_area_1,
          sprint2_light_combat_area_1, sprint2_behind_water_1,
          sprint2_near_end_vault_1]

Skill      XL: |  1  2  3  4 |
---------------+-------------+-----
Spellcasting   | 3 4 5 |  5.4
Hexes          | 4 5 6 |  6.0
Short Blades   | 2 3 4 |  4.3
Stealth        | 5 6 7 |  7.7
Dodging        | 4 6 |  6.4

Action                   |  1- 3 |  4- 6 || total
-------------------------+-------+-------++-------
Melee: Dagger            |     6 |   104 ||   110
 Cast: Ensorcelled Hiber |       |     8 ||     8
  Use: Potion            |       |     3 ||     3
 Stab: Sleeping          |     6 |     1 ||     7
Dodge: Dodged            |       |     6 ||     6
